 Dungeon Crawl Stone Soup version 0.19.5 (webtiles) character file.

2943 Timinator the Carver (level 9, -3/71 HPs)
             Began as a Demonspawn Chaos Knight on Mar 23, 2017.
             Slain by an orc knight
             ... wielding a +0 halberd
              (23 damage)
             ... in a bailey.
             The game lasted 00:14:39 (7200 turns).

Timinator the Carver (Demonspawn Chaos Knight)      Turns: 7200, Time: 00:14:40

Health: -3/71      AC: 26    Str: 15    XL:     9   Next: 51%
Magic:  9/9        EV:  2    Int: 14    God:    Xom [.*....]
Gold:   408        SH:  0    Dex: 13    Spells: 0 memorised, 8 levels left

rFire  . . .     SeeInvis +     a - +1 falchion (chaos)
rCold  + . .     Gourm    .     u - +1 crystal plate armour
rNeg   . . .     Faith    .     (no shield)
rPois  +         Spirit   .     v - +2 hat
rElec  +         Reflect  .     n - +1 cloak
rCorr  .         Harm     .     (no gloves)
MR     +....                    (no boots)
Stlth  ..........               (no amulet)
                                C - ring of see invisible
                                w - ring of protection from magic

@: no status effects
A: horns 1, talons 1, slimy green scales 3, cold resistance 1, demonic guardian
1, electricity resistance
a: Renounce Religion


You were in a bailey.
You worshipped Xom.
You were a plaything of Xom.
You were not hungry.

You visited 1 branch of the dungeon, and saw 8 of its levels.
You also visited: Bailey.

You collected 616 gold pieces.
You spent 208 gold pieces at shops.

Inventory:

Hand Weapons
 a - a +1 falchion of chaos (weapon)
Armour
 n - a +1 cloak (worn)
 u - a +1 crystal plate armour (worn)
 v - a +2 hat (worn)
Jewellery
 w - a ring of protection from magic (left hand)
 C - a ring of see invisible (right hand)
Wands
 z - a wand of acid (4/15)
Scrolls
 b - 2 scrolls of enchant armour
 d - 5 scrolls of identify
 j - a scroll of teleportation
 k - a scroll of recharging
 l - 5 scrolls of remove curse
 o - a scroll of enchant weapon
 s - a scroll of immolation
 B - a scroll of magic mapping
Potions
 f - 3 potions of cancellation
 g - 4 potions of brilliance
 h - 5 potions of curing
 i - 2 potions of cure mutation
 m - a potion of heal wounds
 A - a potion of ambrosia {unknown}
 D - a potion of degeneration {unknown}
 E - a potion of berserk rage {unknown}
Comestibles
 c - 6 bread rations
 p - 4 meat rations
 x - 2 royal jellies
 F - 2 fruits


   Skills:
 + Level 6.6 Fighting
 * Level 8.3 Long Blades
 + Level 5.4 Armour
 - Level 5.5 Dodging


You had 8 spell levels left.
You didn't know any spells.

Dungeon Overview and Level Annotations

Branches:
Dungeon (8/15)             Temple (0/1) D:4
   Lair: D:8-11

Altars:
Ashenzari
Uskayaw
Xom
Yredelemnul

Shops:
D:5 [


Innate Abilities, Weirdness & Mutations

You have a pair of small horns on your head.
You are completely covered in slimy green scales. (AC +4, rPois)
Your flesh is cold resistant. (rC+)
A weak demonic guardian rushes to your aid.
You have sharp toenails.
You are resistant to electric shocks. (rElec)


Message History

You see here a scroll of enchant armour.
b - 2 scrolls of enchant armour (gained 1)
The orc warrior hits you from afar with a trident!
The orc knight barely misses you.
The orc warrior hits you from afar with an enchanted trident.
* * * LOW HITPOINT WARNING * * *
The orc knight hits you but does no damage.
Your ufetubus hits the orc knight but does no damage. x2
As you read the scroll of fear, it crumbles to dust.
You assume a fearsome visage.
Your ufetubus is unaffected.
The orc warrior looks frightened! x2; The orc knight looks frightened!
The orc knight resists with some effort.
Xom grants you some temporary aid.
Your ufetubus hits the orc knight but does no damage.
Your ufetubus's attack snaps the orc knight out of its fear.
Your ufetubus misses the orc knight.
The orc knight hits you from afar with a halberd!!
You die...
Xom is highly amused!

##.....##
#.......#
#.......#
#.......#
#.......#
#..o.o..#
#....5..#
#..?.?..#
#..@??..#
#5.5?o..#
#..o....#
##..∩..##
#######


You could see 2 orc knights, 2 orc warriors, a friendly white imp, a friendly
shadow imp and a friendly ufetubus.

Vanquished Creatures
  The ghost of Sagrath01 the Shooter, a novice HEWn of Makhleb (D:5)
  A water moccasin (D:6)
  2 ice beasts (D:5)
  3 orc warriors
  2 black bears
  An ogre (D:5)
  A boggart (D:6)
  A big kobold (D:7)
  A scorpion (D:6)
  A water moccasin skeleton (D:6)
  2 crimson imps (D:7)
  A centaur zombie (D:5)
  An orc priest (D:5)
  2 bullfrog skeletons
  A hound (D:6)
  An iguana (D:6)
  4 orc wizards
  8 worker ants
  3 hound zombies
  2 hound skeletons
  A worker ant zombie (D:6)
  8 adders
  7 gnolls
  A shadow imp (D:7)
  A white imp (D:6)
  4 adder zombies
  A worm (D:4)
  3 adder skeletons
  A dart slug (D:4)
  4 leopard geckos
  32 orcs
  2 giant cockroaches
  8 goblins
  8 hobgoblins
  11 jackals
  13 kobolds
  3 quokkas
  2 ball pythons
  3 bats
  2 frilled lizards (D:1)
  2 leopard gecko zombies (D:7)
  2 quokka skeletons
  4 rats
  2 fungi (D:4)
164 creatures vanquished.

Vanquished Creatures (collateral kills)
  Joseph (D:7)
  Prince Ribbit (D:7)
  Duvessa (D:7)
  An ice beast (D:5)
  A necrophage (D:6)
  Blork the orc (D:6)
  Dowan (D:7)
  A scorpion (D:6)
  A bullfrog zombie (D:7)
  A hound (D:5)
  An orc wizard (D:5)
  An orc priest (D:7)
  A gnoll shaman (D:6)
  A worker ant (D:5)
  An adder (D:3)
  2 gnolls (D:6)
  A shadow imp (D:7)
  A leopard gecko (D:7)
  2 orcs
  A jackal (D:6)
22 creatures vanquished.

Grand Total: 186 creatures vanquished

Notes
Turn   | Place    | Note
-------+----------+-------------------------------------------
     0 | D:1      | Timinator the Demonspawn Chaos Knight began the quest for the Orb.
     0 | D:1      | Reached XP level 1. HP: 18/18 MP: 1/1
     6 | D:1      | Reached skill level 1 in Dodging
    19 | D:1      | Reached skill level 3 in Long Blades
    40 | D:1      | Gained mutation: You have a pair of small horns on your head. [demonic ancestry]
    40 | D:1      | Reached XP level 2. HP: 24/24 MP: 2/2
    46 | D:1      | XOM: harmless Divn miscast
   214 | D:1      | XOM: harmless Air miscast
   323 | D:1      | XOM: divination: magic mapping
   423 | D:1      | XOM: divination: magic mapping
   440 | D:1      | Reached XP level 3. HP: 29/29 MP: 3/3
   898 | D:2      | You fall through a shaft for 2 floors!
   902 | D:4      | Gained mutation: Your flesh is cold resistant. (rC+) [demonic ancestry]
   902 | D:4      | Reached XP level 4. HP: 36/36 MP: 4/4
  1068 | D:4      | XOM: noise
  1171 | D:4      | Found a staircase to the Ecumenical Temple.
  1284 | D:4      | XOM: silly message
  1330 | D:4      | Found a basalt altar of Yredelemnul.
  1711 | D:5      | Entered Level 5 of the Dungeon
  1751 | D:3      | Reached skill level 4 in Long Blades
  1767 | D:3      | XOM: smoke on damage
  1775 | D:3      | XOM: summons friendly shadow imp
  1906 | D:3      | XOM: polymorph shadow imp -> quasit
  2027 | D:3      | Reached XP level 5. HP: 34/42 MP: 5/5
  2356 | D:3      | XOM: cast spell 'Hydra Form'
  2493 | D:5      | Found Egaomaloss's Armour Emporium.
  2493 | D:5      | Noticed an ice beast
  2493 | D:5      | XOM: cleaving
  2501 | D:5      | XOM: scenery: create altars
  2507 | D:5      | XOM: summons 4 friendly demons
  2529 | D:5      | Killed an ice beast
  2529 | D:5      | Gained mutation: A weak demonic guardian rushes to your aid. [demonic ancestry]
  2529 | D:5      | Reached XP level 6. HP: 44/48 MP: 6/6
  2537 | D:5      | Bought a +2 hat for 208 gold pieces
  2553 | D:5      | Noticed Sagrath01's ghost (novice HEWn)
  2563 | D:5      | Killed Sagrath01's ghost
  2563 | D:5      | Reached skill level 5 in Long Blades
  2563 | D:5      | Reached XP level 7. HP: 43/55 MP: 7/7
  2658 | D:5      | Found a hide-covered altar of Uskayaw.
  2829 | D:5      | XOM: summons 2 friendly demons
  2902 | D:5      | XOM: summons 3 hostile demons
  2903 | D:5      | Noticed a soul eater
  2910 | D:5      | Reached skill level 6 in Long Blades
  3354 | D:5      | Reached skill level 5 in Fighting
  3507 | D:5      | XOM: noise
  3543 | D:5      | Gained mutation: You are partially covered in slimy green scales. (AC +2) [demonic ancestry]
  3543 | D:5      | Reached XP level 8. HP: 60/62 MP: 8/8
  3900 | D:5      | XOM: divination: detect creatures
  4031 | D:6      | XOM: divination: magic mapping
  4191 | D:6      | XOM: divination: detect creatures
  4490 | D:6      | XOM: potion effect (might)
  4832 | D:6      | XOM: cloud trail
  4900 | D:6      | XOM: divination: detect items
  4902 | D:6      | Reached skill level 7 in Long Blades
  5034 | D:6      | XOM: god gift: 22 gold pieces
  5220 | D:6      | XOM: mild Hex miscast
  5283 | D:6      | XOM: god gift: 52 gold pieces
  5287 | D:6      | XOM: harmless Conj miscast
  5456 | D:6      | XOM: give mutations
  5456 | D:6      | Gained mutation: You are resistant to electric shocks. (rElec) [Xom's grace]
  5456 | D:6      | Gained mutation: You have sharp toenails. [Xom's grace]
  5456 | D:6      | Gained mutation: You are mostly covered in slimy green scales. (AC +3) [Xom's grace]
  5464 | D:6      | Noticed Blork the orc
  5475 | D:6      | Killed Blork the orc
  5521 | D:6      | XOM: cloud trail
  5544 | D:7      | Found a shattered altar of Ashenzari.
  5548 | D:7      | XOM: summons friendly white imp
  5608 | D:7      | Noticed Duvessa
  5610 | D:7      | Noticed Dowan
  5623 | D:7      | XOM: cast spell 'Summon Horrible Things'
  5627 | D:7      | Killed Duvessa
  5633 | D:7      | Killed Dowan
  5673 | D:7      | XOM: confuse monster(s)
  5684 | D:7      | XOM: cleaving
  5702 | D:7      | Gained mutation: You are completely covered in slimy green scales. (AC +4, rPois) [demonic ancestry]
  5702 | D:7      | Reached XP level 9. HP: 45/68 MP: 9/9
  5806 | D:7      | XOM: scenery: create altars
  5819 | D:7      | Noticed Prince Ribbit
  5831 | D:7      | Killed Prince Ribbit
  5831 | D:7      | Reached skill level 5 in Dodging
  5853 | D:7      | XOM: cloud trail
  6066 | D:7      | XOM: summons 2 friendly demons
  6073 | D:7      | Reached skill level 5 in Armour
  6113 | D:7      | XOM: summons 1 friendly demon
  6131 | D:7      | XOM: destruction
  6140 | D:7      | XOM: enchant monster (bad)
  6547 | D:7      | XOM: 6-stop teleportation journey
  6548 | D:7      | Noticed Joseph
  6566 | D:7      | XOM: summons 9 friendly demons
  6569 | D:7      | Killed Joseph
  6569 | D:7      | Reached skill level 8 in Long Blades
  6891 | D:8      | Found a flagged portal.
  6903 | Bailey   | Entered a bailey
  6940 | Bailey   | XOM: harmless Air miscast
  6954 | Bailey   | HP: 1/70 [orc warrior/halberd (13)]
  7195 | Bailey   | XOM: 9-stop teleportation journey
  7196 | Bailey   | Noticed an orc knight
  7196 | Bailey   | Noticed an orc knight
  7200 | Bailey   | XOM: summons 2 friendly demons
  7200 | Bailey   | Slain by an orc knight

Skill      XL: |  1  2  3  4  5  6  7  8  9 |
---------------+----------------------------+-----
Dodging        | 1 2 3 4 5 |  5.5
Long Blades    | 3 4 5 6 7 8 |  8.3
Armour         | 2 3 4 5 |  5.4
Fighting       | 4 5 6 |  6.6

Action                   |  1- 3 |  4- 6 |  7- 9 || total
-------------------------+-------+-------+-------++-------
Melee: Falchion          |    84 |   179 |   480 ||   743
       Headbutt          |     8 |    44 |    95 ||   147
       Unarmed           |       |     8 |       ||     8
       Kick              |       |       |    64 ||    64
Evoke: Wand              |       |       |     3 ||     3
  Use: Scroll            |       |     7 |     8 ||    15
       Potion            |       |       |     7 ||     7
 Stab: Petrified         |       |     1 |     2 ||     3
       Distracted        |       |       |     3 ||     3
       Petrifying        |       |       |     2 ||     2
       Confused          |       |       |     1 ||     1
  Eat: Chunk             |       |     5 |     9 ||    14
       Pizza             |       |       |     2 ||     2
Armor: Leather armour    |    44 |     3 |       ||    47
       Crystal plate arm |       |   175 |   515 ||   690
       Skin              |       |     3 |       ||     3
Dodge: Dodged            |    55 |    31 |    37 ||   123
       Rpst.: Falchion   |    21 |     7 |     6 ||    34
